 Dungeon Crawl Stone Soup version 0.21-a0-538-gd16b88afdd (webtiles) character file.

345 Hashashin the Chopper (level 6, -2/51 HPs)
             Began as a Minotaur Gladiator on Dec 16, 2017.
             Slain by a gnoll
             ... wielding a +0 spear
              (6 damage)
             ... on level 3 of the Dungeon.
             The game lasted 00:03:35 (2490 turns).

Hashashin the Chopper (Minotaur Gladiator)          Turns: 2490, Time: 00:03:36

Health: -2/51      AC:  8    Str: 21    XL:     6   Next: 32%
Magic:  5/5        EV:  9    Int:  5    God:
Gold:   82         SH:  0    Dex: 11    Spells: 5/5 levels left

rFire    + . .     SeeInvis .   a - +0 war axe
rCold    x . .     Gourm    .   (no shield)
rNeg     . . .     Faith    .   s - +0 chain mail
rPois    .         Spirit   .   c - +0 hat
rElec    .         Reflect  .   (no cloak)
rCorr    +         Harm     .   (no gloves)
MR       .....                  (no boots)
Stlth    ..........             (no amulet)
HPRegen  0.17/turn              q - ring of fire
MPRegen  0.09/turn              e - ring of resist corrosion

@: no status effects
A: retaliatory headbutt, horns 2
a: no special abilities


You were on level 3 of the Dungeon.
You were not hungry.

You visited 1 branch of the dungeon, and saw 3 of its levels.

You collected 82 gold pieces.

Inventory:

Hand Weapons
 a - a +0 war axe (weapon)
Missiles
 d - 5 throwing nets (quivered)
Armour
 b - a +0 leather armour
 c - a +0 hat (worn)
 s - a +0 chain mail (worn)
Jewellery
 e - a ring of resist corrosion (right hand)
 g - an uncursed ring of ice
 q - a ring of fire (left hand)
 v - a +2 ring of strength {unknown}
Scrolls
 i - a scroll of fog {unknown}
 j - a scroll of identify {unknown}
 k - a scroll of magic mapping {unknown}
 p - 4 scrolls of remove curse {unknown}
 t - a scroll of blinking {unknown}
 u - a scroll of teleportation {unknown}
 x - a scroll of amnesia {unknown}
Potions
 l - 2 potions of agility {unknown}
 n - a potion of brilliance {unknown}
 o - 3 potions of heal wounds {unknown}
 r - a potion of haste
 w - 2 potions of resistance {unknown}
Comestibles
 f - 3 bread rations
 m - a royal jelly


   Skills:
 + Level 3.2 Fighting
 + Level 7.6 Axes
 - Level 2.0 Throwing
 + Level 2.5 Armour
 + Level 3.6 Dodging


You had 5 spell levels left.
You didn't know any spells.

Dungeon Overview and Level Annotations

Branches:
Dungeon (3/15)

Altars:
Okawaru


Innate Abilities, Weirdness & Mutations

You reflexively headbutt those who attack you in melee.
You have a pair of horns on your head.


Message History

* * * LOW HITPOINT WARNING * * *
The gnoll hits you with a spear.
* * * LOW HITPOINT WARNING * * *
The gnoll barely misses you.
Unknown command.
You hit the gnoll.
You headbutt the gnoll, but do no damage.
The gnoll is heavily wounded.
The gnoll misses you. The gnoll hits you but does no damage.
The gnoll closely misses you. The gnoll barely misses you.
You closely miss the gnoll. You headbutt the gnoll.
The gnoll is almost dead.
The gnoll completely misses you. You furiously retaliate!
You headbutt the gnoll, but do no damage.
The gnoll hits you but does no damage. x2
You hit the gnoll.
You kill the gnoll!
The gnoll closely misses you.
The gnoll hits you from afar with a spear.
You die...

.. ?. ##... .# ..
#...# .##. . #...#
#########.#$... #...#
#...........o#.#
#...#
#.#.##.##.##....
#...#
#.#.##.##).....#
#...# ##.#...@))# ##
##...#####...###)#g#
..............##g#.#
..............##..g[
.............^####.##
##...#####(..## #.#
#.###.# ##### #.# #.#
#.# #.# #.###.#


You could see 2 gnolls.

Vanquished Creatures
  2 orc priests (D:3)
  Jessica (D:3)
  Terence (D:2)
  Natasha (twice) (D:3)
  A hound skeleton (D:3)
  5 gnolls (D:3)
  2 adders (D:2)
  A shadow imp (D:2)
  An ooze (D:2)
  2 worms
  3 dart slugs
  2 leopard geckos
  6 orcs (D:3)
  A ball python (D:1)
  9 bats
  3 giant cockroaches
  13 goblins
  6 hobgoblins
  5 jackals
  6 kobolds
  13 rats
85 creatures vanquished.

Notes
Turn   | Place    | Note
-------+----------+-------------------------------------------
     0 | D:1      | Hashashin the Minotaur Gladiator began the quest for the Orb.
     0 | D:1      | Reached XP level 1. HP: 18/18 MP: 0/0
    45 | D:1      | Reached skill level 4 in Axes
    75 | D:1      | Reached XP level 2. HP: 19/25 MP: 1/1
   347 | D:1      | Reached skill level 5 in Axes
   402 | D:1      | Reached XP level 3. HP: 30/30 MP: 2/2
  1045 | D:2      | Reached skill level 6 in Axes
  1045 | D:2      | Reached XP level 4. HP: 18/37 MP: 3/3
  1241 | D:2      | Noticed Terence
  1253 | D:2      | Killed Terence
  1454 | D:2      | Found an iron altar of Okawaru.
  2093 | D:3      | Noticed Jessica
  2094 | D:3      | Noticed Natasha
  2103 | D:3      | Killed Natasha
  2103 | D:3      | Reached skill level 1 in Armour
  2103 | D:3      | Reached XP level 5. HP: 37/44 MP: 4/4
  2108 | D:3      | Killed Jessica
  2161 | D:3      | Reached skill level 7 in Axes
  2471 | D:3      | Noticed Natasha
  2475 | D:3      | Killed Natasha
  2475 | D:3      | Reached XP level 6. HP: 51/51 MP: 5/5
  2490 | D:3      | Slain by a gnoll

Vault maps used:
D:1:      dpeg_arrival_subterranean_lakeside_camping, minmay_tetromino_i4
D:2:      first_bread, nrook_uturn, roderic_st_hans_cross, okawaru_trees_1,
          uniq_terence
D:3:      zin_statuary, minmay_checkerbox, uniq_jessica, uniq_natasha

Skill      XL: |  1  2  3  4  5 |
---------------+----------------+-----
Axes           | 4 5 6 7 |  7.6
Armour         | 1 2 |  2.5
Fighting       | 3 |  3.2
Throwing       | |  2.0
Dodging        | |  3.6

Action                   |  1- 3 |  4- 6 || total
-------------------------+-------+-------++-------
Melee: War axe           |    76 |    82 ||   158
       Headbutt          |     4 |    19 ||    23
  Use: Potion            |       |     2 ||     2
  Eat: Chunk             |       |     5 ||     5
Armor: Leather armour    |    16 |     1 ||    17
       Chain mail        |       |    33 ||    33
Dodge: Dodged            |    65 |    54 ||   119

Table legend:
 A = Spawn XP
 B = Non-spawn XP
 C = Spawn XP percentage of total XP
 D = Spawn monster count
 E = Non-spawn monster count
 F = Spawn count percentage of total count
 G = Total turns spent on level
                    A         B        C        D         E        F      G
               +---------+---------+-------+---------+---------+-------+---------
         Total |       0 |     493 |   0.0 |       0 |      85 |   0.0 |  2490
               +---------+---------+-------+---------+---------+-------+---------
           D:1 |       0 |      56 |   0.0 |       0 |      35 |   0.0 |   898
           D:2 |       0 |     123 |   0.0 |       0 |      24 |   0.0 |  1138
           D:3 |       0 |     314 |   0.0 |       0 |      26 |   0.0 |   454
               +---------+---------+-------+---------+---------+-------+---------
